 Dungeon Crawl Stone Soup version 0.28.0-62-gf88900778d (webtiles) character file.

Game seed: 11079947773616108656

176 cbfl8 the Skirmisher (level 5, -1/41 HPs)
             Began as a Demonspawn Fighter on June 30, 2023.
             Killed by divine providence
             ... invoked by an orc priest
              (8 damage)
             ... on level 4 of the Dungeon.
             The game lasted 00:02:00 (3276 turns).

cbfl8 the Skirmisher (Demonspawn Fighter)           Turns: 3276, Time: 00:02:01

Health: -1/41      AC:  7    Str: 22    XL:     5   Next: 30%
Magic:  6/6        EV:  9    Int:  9    God:
Gold:   104        SH: 10    Dex: 15    Spells: 4/4 levels left

rFire   . . .      SeeInvis .   a - +0 war axe
rCold   . . .      Faith    .   c - +0 buckler
rNeg    . . .      Spirit   .   b - +0 scale mail
rPois   +          Reflect  +   (helmet restricted)
rElec   .          Harm     .   (no cloak)
rCorr   .          Rampage  .   (no gloves)
Will    .....                   e - +0 pair of boots
Stlth   ..........              g - amulet of reflection
HPRegen 0.13/turn               o - ring of poison resistance
MPRegen 0.10/turn               n - +6 ring of strength

@: no status effects
A: horns 2, powered by death 1
a: no special abilities


You were on level 4 of the Dungeon.
You visited 1 branch of the dungeon, and saw 4 of its levels.

You collected 104 gold pieces.

Inventory:

Hand Weapons
 a - a +0 war axe (weapon)
Armour
 b - a +0 scale mail (worn)
 c - a +0 buckler (worn)
 e - a +0 pair of boots (worn)
Jewellery
 g - an amulet of reflection (around neck)
 j - a ring of protection from cold
 n - a +6 ring of strength (right hand)
 o - a ring of poison resistance (left hand)
Wands
 r - a wand of digging (6)
Scrolls
 h - 3 scrolls of vulnerability {unknown}
 k - a scroll of identify {unknown}
 l - 2 scrolls of fear {unknown}
 m - a scroll of fog {unknown}
 p - a scroll of magic mapping {unknown}
 q - a scroll of noise {unknown}
 s - a scroll of teleportation {unknown}
Potions
 d - a potion of might
 f - 3 potions of curing {unknown}
 i - a potion of lignification {unknown}


   Skills:
 + Level 3.2 Fighting
 * Level 3.2 Axes
 + Level 3.1 Armour
 * Level 1.0 Dodging
 * Level 1.2 Stealth
 + Level 2.9 Shields
 * Level 2.2 Invocations
 * Level 1.3 Evocations


You had 4 spell levels left.
You didn't know any spells.
Your spell library was empty.

Dungeon Overview and Level Annotations

Branches:
Dungeon (4/15)
 Temple: D:4-7

Altars:
Wu Jian


Innate Abilities, Weirdness & Mutations

You have a pair of horns on your head.
You regenerate a little health from kills.


Message History

The orc priest hits you but does no damage.
The orc closely misses you. You block the orc's attack.
You block the orc priest's attack.
Unknown command.
You hit the orc priest.
You headbutt the orc priest, but do no damage.
The orc priest is moderately wounded.
You hit the orc but do no damage. You block the orc priest's attack.
The orc closely misses you.
Unknown command.
You hit the orc priest but do no damage.
The orc priest is moderately wounded.
You barely miss the orc.
The orc priest hits you with a +0 short sword.
The orc hits you but does no damage.
You closely miss the orc priest.
The orc priest is moderately wounded.
You hit the orc.
The orc priest hits you with a +0 short sword.
The orc hits you but does no damage. x2; You block the orc priest's attack.
You slash the orc priest!
The orc priest is severely wounded.
You barely miss the orc. The orc priest barely misses you.
You block the orc's attack.
Unknown command.
You hit the orc priest but do no damage.
You headbutt the orc priest, but do no damage.
The orc priest is severely wounded.
You hit the orc.
The orc priest invokes the aid of Beogh against you.
Beogh smites you! You block the orc's attack.
Unknown command.
You closely miss the orc priest.
The orc priest is severely wounded.
You hit the orc. The orc hits you with a +0 hand axe.
* * * LOW HITPOINT WARNING * * *
The orc priest closely misses you.
The orc priest invokes the aid of Beogh against you.
Beogh smites you!
You die...

#.#########.#
#......#
#.......)...#
#.[....#
###########.#
#......# #.#
#......#
####'###
#......#
#......#
######+#
#......#
#......#
#...o@.#
#...))o#
#......#
####....
#.....
#......
#.......
.......##


You could see an orc priest and an orc.

Vanquished Creatures
  2 orc priests
  An orc wizard (D:3)
  3 adders
  A dart slug (D:3)
  4 orcs
  2 bats (D:1)
  6 endoplasms
  A giant cockroach (D:1)
  5 goblins
  3 hobgoblins
  3 jackals (D:2)
  7 kobolds
  A quokka (D:3)
  12 ball pythons
  5 frilled lizards
  4 rats
60 creatures vanquished.

Notes
Turn   | Place    | Note
-------+----------+-------------------------------------------
     0 | D:1      | cbfl8 the Demonspawn Fighter began the quest for the Orb.
     0 | D:1      | Reached XP level 1. HP: 18/18 MP: 1/1
   526 | D:1      | Gained mutation: You have a pair of small horns on your
                  | head. [demonic ancestry]
   526 | D:1      | Reached XP level 2. HP: 24/24 MP: 2/2
   820 | D:1      | Reached skill level 1 in Invocations
  1485 | D:2      | Gained mutation: You have a pair of horns on your head.
                  | [demonic ancestry]
  1485 | D:2      | Reached XP level 3. HP: 25/29 MP: 4/4
  2507 | D:3      | Gained mutation: You regenerate a little health from kills.
                  | [demonic ancestry]
  2507 | D:3      | Reached XP level 4. HP: 32/35 MP: 5/5
  2515 | D:3      | Reached skill level 1 in Evocations
  2662 | D:3      | Reached skill level 1 in Stealth
  2848 | D:3      | Found a faded altar of an unknown god.
  3147 | D:4      | Found an ornate altar of the Wu Jian Council.
  3198 | D:4      | Identified the +1 leather armour "Numagaeh" {Rampage Str+7}
  3218 | D:4      | Reached XP level 5. HP: 40/41 MP: 6/6
  3268 | D:4      | Reached skill level 1 in Dodging
  3276 | D:4      | Killed from afar by an orc priest

Illustrated notes

Levels and vault maps discovered:
D:1:      dpeg_arrival_windows_large_door, layout_rooms
D:2:      layout_loops_corners
D:3:      layout_basic, nicolae_ecumenical_snake_handling, chequers_garden
D:4:      layout_basic, nicolae_wu_jian_immortal_techniques,
          general_overflow_altar, mainiacjoe_overflow_paths, serial_shops,
          kennysheep_mini_moat

Skill      XL: |  1  2  3  4  5 |
---------------+----------------+-----
Axes           | 2 3 |  3.2
Invocations    | 1 2 |  2.2
Armour         | 3 |  3.1
Evocations     | 1 |  1.3
Stealth        | 1 |  1.2
Dodging        | 1 |  1.0
Fighting       | |  3.2
Shields        | |  2.9

Action                   |  1- 3 |  4- 6 || total
-------------------------+-------+-------++-------
Melee: War axe           |   102 |    45 ||   147
       Headbutt          |    12 |    12 ||    24
Armor: Scale mail        |    55 |    19 ||    74
Dodge: Dodged            |    30 |    20 ||    50
Block: Buckler           |    36 |    30 ||    66
       Reflection        |     2 |       ||     2
